 Dungeon Crawl Stone Soup version 0.18-a0-1637-g109f206 (webtiles) character file.

60 Geeful the Insei (level 4, -7/28 HPs)
             Began as an Octopode Transmuter on Mar 26, 2016.
             Mangled by Grinder (11 damage)
             ... on level 3 of the Dungeon.
             The game lasted 00:04:16 (2215 turns).

Geeful the Insei (Octopode Transmuter)              Turns: 2215, Time: 00:04:16

Health: -7/28      AC:  1    Str:  9    XL:     4   Next: 4%
Magic:  0/7        EV: 12    Int: 15    God:
Gold:   124        SH:  0    Dex: 13    Spells: 2 memorised, 4 levels left

rFire  . . .     SeeInvis .       - Unarmed
rCold  . . .     Gourm    .     (no shield)
rNeg   . . .     Faith    .     (helmet restricted)
rPois  .         Spirit   .     (no amulet)
rElec  .         Dismiss  .     (no ring)
rCorr  .         Reflect  .     (no ring)
SustAt .         Harm     .     (no ring)
MR     .....                    (no ring)
Stlth  ++........               (no ring)
                                (no ring)
                                (no ring)
                                (no ring)

@: appendage (expiring), very slightly contaminated, hasted, very quick, not
resistant to hostile enchantments, unstealthy
A: almost no armour, amphibious, 8 rings, constrict 8, tentacle spike 3,
camouflage 1, wild magic 1, gelatinous body 1
a: End Transformation


You were on level 3 of the Dungeon.
You were not hungry.
One of your tentacles had a temporary spike.
You visited 1 branch of the dungeon, and saw 3 of its levels.

You collected 124 gold pieces.

Inventory:

Missiles
 a - 42 arrows
Scrolls
 d - a scroll of identify {unknown}
 e - a scroll of recharging {unknown}
 f - a scroll of fear {unknown}
 g - a scroll of remove curse {unknown}
 j - a scroll of teleportation {unknown}
 l - a scroll of magic mapping {unknown}
Books
 b - a book of Changes

   Spells                             Type                      Level
   a - Beastly Appendage              Transmutation                1
   b - Sticks to Snakes               Transmutation                2
   c - Spider Form                    Transmutation/Poison         3
   d - Ice Form                       Ice/Transmutation            4
   e - Blade Hands                    Transmutation                5
Comestibles
 c - 2 bread rations


   Skills:
 - Level 1.0 Fighting
 - Level 2.0 Dodging
 * Level 3.7 Unarmed Combat
 + Level 2.3 Spellcasting
 * Level 3.2 Transmutations


You had 4 spell levels left.
You knew the following spells:

 Your Spells              Type           Power        Failure   Level  Hunger
a - Beastly Appendage     Trmt           ###...       16%         1    #......
b - Sticks to Snakes      Trmt           ###.....     22%         2    ###....


Dungeon Overview and Level Annotations

Branches:
Dungeon (3/15)

Altars:
Ashenzari
Elyvilon
Trog
Vehumet

Annotations:
D:3 Grinder


Innate Abilities, Weirdness & Mutations

You cannot wear most types of armour.
You are amphibious.
You can wear up to eight rings at the same time.
You can use your tentacles to constrict eight enemies at once.
Your skin changes colour to match your surroundings (Stealth).
Your rubbery body absorbs attacks (AC +1).
One of your tentacles bears a large vicious spike.
Your spells are a little harder to cast, but a little more powerful.


Message History

You feel fantastic!
Your transformation is almost over.
Your ball python bites Grinder.
Your ball python constricts Grinder.
Grinder says, "Mostly I couldn't keep them alive."
Grinder barely misses you.
Drink which item? (? for menu, Esc to quit)
It was a potion of haste.
You feel yourself speed up.
Your ball python bites Grinder.
Your ball python constricts Grinder.
Grinder gestures at your ball python.
Your ball python convulses in agony!
Your ball python dies!
Grinder shouts!
Casting: Beastly Appendage
Confirm with . or Enter, or press ? or * to list all spells.
You create a snake!
You now have 42 arrows.
You barely miss Grinder. Your grab misses Grinder.
Your tentacle spike misses Grinder.
You squeeze Grinder.
Grinder is almost dead.
Grinder hits you!
You die...

#.# ###.# #.#... .
#.#.## #.#..#.# .....##
#.#..#.# ....#.#
+......# .....## #.)...
#.#..# #.#.# #.##.###
##...#
#...<..########.@5.#
####(.............#.....
####.#.##.#####.S.....#.
.....#.##.# #####.##
####.#....# .# #.####.#
# #<####.# #......#
########


You could see Grinder and a friendly ball python.

Vanquished Creatures
  2 adders (D:2)
  A dart slug (D:1)
  A giant gecko (D:1)
  2 bats
  2 giant cockroaches
  10 goblins
  5 hobgoblins (D:1)
  4 jackals (D:2)
  4 kobolds
  3 giant newts (D:1)
  2 rats (D:1)
36 creatures vanquished.

Notes
Turn   | Place    | Note
--------------------------------------------------------------
     0 | D:1      | Geeful the Octopode Transmuter began the quest for the Orb.
     0 | D:1      | Reached XP level 1. HP: 13/13 MP: 3/3
   210 | D:1      | Reached XP level 2. HP: 13/18 MP: 5/5
   985 | D:1      | Reached XP level 3. HP: 23/23 MP: 4/6
  1195 | D:2      | Learned a level 2 spell: Sticks to Snakes
  1966 | D:2      | Reached XP level 4. HP: 24/28 MP: 1/7
  2138 | D:3      | Found a shattered altar of Ashenzari.
  2146 | D:3      | Found a bloodstained altar of Trog.
  2146 | D:3      | Found a radiant altar of Vehumet.
  2150 | D:3      | Found a white marble altar of Elyvilon.
  2192 | D:3      | Noticed Grinder
  2198 | D:3      | Paralysed by Grinder for 5 turns
  2212 | D:3      | Gained mutation: Your spells are a little harder to cast, but a little more powerful. [potion of beneficial mutation]
  2215 | D:3      | Mangled by Grinder

Vault maps used:
D:1:      minmay_arrival_shattered_statue
D:3:      minitemple, kennysheep_another_room, uniq_grinder

Skill      XL: |  1  2  3 |
---------------+----------+-----
Transmutations | 3 |  3.2
Fighting       | |  1.0
Dodging        | |  2.0
Unarmed Combat | |  3.7
Spellcasting   | |  2.3

Action                   |  1- 3 |  4- 6 || total
-------------------------+-------+-------++-------
Melee: Unarmed           |    89 |     9 ||    98
 Cast: Beastly Appendage |     8 |     1 ||     9
       Sticks to Snakes  |     4 |     3 ||     7
  Use: Potion            |       |     4 ||     4
 Stab: Sleeping          |     4 |       ||     4
  Eat: Chunk             |     2 |       ||     2
       Bread ration      |       |     1 ||     1
